 Dungeon Crawl Stone Soup version 0.30.0-5-g1a98f26d00 (webtiles) character file.

Game seed: 4956837775731100074

259 H0rd4k the Charlatan (level 6, -1/44 HPs)
             Began as a Human Artificer on May 10, 2023.
             Slain by an orc priest
             ... wielding a +2 mace of distortion
              (4 damage)
             ... on level 3 of the Dungeon.
             The game lasted 00:02:40 (2301 turns).

H0rd4k the Charlatan (Human Artificer)              Turns: 2301, Time: 00:02:41

Health: -1/44      AC:  3    Str: 12    XL:     6   Next: 40%
Magic:  6/6        EV: 12    Int: 13    God:
Gold:   100        SH:  0    Dex: 14    Spells: 5/5 levels left

rFire   . . .        a - +0 club
rCold   . . .        (no shield)
rNeg    . . .        b - +0 leather armour
rPois   .            (no helmet)
rElec   .            (no cloak)
rCorr   .            (no gloves)
SInv    .            (no boots)
Will    .....        (no amulet)
Stlth   ++           (no ring)
HPRegen 0.27/turn    (no ring)
MPRegen 0.10/turn

%: no passive effects
@: no status effects
A: no striking features
a: no special abilities


You were on level 3 of the Dungeon.
You visited 1 branch of the dungeon, and saw 3 of its levels.

You collected 100 gold pieces.

Inventory:

Hand Weapons
 a - a +0 club (weapon)
Missiles
 i - 6 boomerangs (quivered)
Armour
 b - a +0 leather armour (worn)
 h - a +0 helmet
Magical Staves
 l - a staff of fire
Wands
 c - a wand of flame (7)
 d - a wand of charming (12)
 e - a wand of iceblast (13)
Scrolls
 f - 2 scrolls of enchant weapon {unknown}
 g - a scroll of fear {unknown}
 j - 2 scrolls of enchant armour {unknown}
 n - a scroll of identify {unknown}
 p - a scroll of blinking {unknown}
Potions
 k - a potion of might {unknown}
 m - a potion of curing {unknown}
 o - a potion of invisibility {unknown}
 q - a potion of resistance {unknown}
 r - a potion of flight {unknown}


   Skills:
 + Level 1.9 Fighting
 + Level 3.0 Maces & Flails
 + Level 1.1 Throwing
 - Level 2.0 Armour
 + Level 2.2 Dodging
 + Level 3.0 Stealth
 + Level 3.9 Evocations


You had 5 spell levels left.
You didn't know any spells.
Your spell library was empty.

Dungeon Overview and Level Annotations

Branches:
Dungeon (3/15)

Altars:
Hepliaklqana


Message History

Aim: an orc priest, wielding a +2 mace of distortion and wearing a +0 ring mail (lightly wounded, 75% to hit)
The puff of flame hits the orc priest but does no damage.
The orc priest is lightly wounded.
Unknown command.
Aiming: Throw Flame
Press: ? - help, Shift-Dir - straight line, f/p - orc priest
Aim: an orc priest, wielding a +2 mace of distortion and wearing a +0 ring mail (lightly wounded, 75% to hit)
The puff of flame hits the orc priest.
The orc priest is lightly wounded.
The orc priest invokes the aid of Beogh against you.
Beogh smites you!
Aiming: Throw Flame
Press: ? - help, Shift-Dir - straight line, f/p - orc priest
Aim: an orc priest, wielding a +2 mace of distortion and wearing a +0 ring mail (lightly wounded, 75% to hit)
The puff of flame hits the orc priest.
The orc priest is moderately wounded.
The orc priest invokes the aid of Beogh against you.
Pain shoots through your body!
Aiming: Throw Flame
Press: ? - help, Shift-Dir - straight line, f/p - orc priest
Aim: an orc priest, wielding a +2 mace of distortion and wearing a +0 ring mail (moderately wounded, 75% to hit)
The puff of flame misses the orc priest.
The orc priest calls down the wrath of Beogh upon you.
Beogh smites you!
* * * LOW HITPOINT WARNING * * *
Unknown command.
Aiming: Charm
Press: ? - help, Shift-Dir - straight line, f/p - orc priest
Aim: an orc priest, wielding a +2 mace of distortion and wearing a +0 ring mail (moderately wounded, chance to affect: 59%)
The orc priest resists with significant effort.
The orc priest hits you with a +2 mace of distortion.
* * * LOW HITPOINT WARNING * * *
Aiming: Charm
Press: ? - help, Shift-Dir - straight line, f/p - orc priest
Aim: an orc priest, wielding a +2 mace of distortion and wearing a +0 ring mail (moderately wounded, chance to affect: 59%)
The orc priest resists with significant effort.
The orc priest hits you with a +2 mace of distortion.
* * * LOW HITPOINT WARNING * * *
Space warps around you.
You die...

#.........
.###.......##
#...#.......##
#.........#.
##..........
##.........#
#...)..#####
##.....+
##..o@#####
##.......#
#.#.###....
####.#.# ..
#....#.#
######.# #.#
#.#
#)#########.


You could see an orc priest.

Vanquished Creatures
  Grinder (D:3)
  2 adders (D:2)
  3 dart slugs
  An orc (D:3)
  An endoplasm (D:2)
  3 giant cockroaches (D:1)
  5 goblins
  4 quokkas
  A ball python (D:1)
  5 bats
  3 frilled lizards (D:2)
  A kobold (D:1)
  5 rats
35 creatures vanquished.

Vanquished Creatures (collateral kills)
  2 orcs (D:3)
2 creatures vanquished.

Grand Total: 37 creatures vanquished

Notes
Turn   | Place    | Note
-------+----------+-------------------------------------------
     0 | D:1      | H0rd4k the Human Artificer began the quest for the Orb.
     0 | D:1      | Reached XP level 1. HP: 15/15 MP: 1/1
   209 | D:1      | Reached XP level 2. HP: 21/21 MP: 2/2
  1058 | D:1      | Reached XP level 3. HP: 26/26 MP: 3/3
  1368 | D:2      | Reached skill level 1 in Maces & Flails
  1697 | D:2      | Reached XP level 4. HP: 28/32 MP: 4/4
  2113 | D:3      | Found a hazy altar of Hepliaklqana.
  2125 | D:3      | Noticed Grinder
  2133 | D:3      | Killed Grinder
  2134 | D:3      | Reached skill level 1 in Throwing
  2134 | D:3      | Reached XP level 5. HP: 23/38 MP: 5/5
  2134 | D:3      | Reached XP level 6. HP: 27/44 MP: 6/6
  2301 | D:3      | Slain by an orc priest

Illustrated notes

Levels and vault maps discovered:
D:1:      mushboom_english_gardens, layout_basic
D:2:      layout_basic, hangedman_glass_teeth,
          nicolae_concentric_dashed_squares_mild
D:3:      layout_loops_ring, mainiacjoe_overflow_surrounded_room, tgw_fedhas,
          mainiacjoe_overflow_boulevard, nicolae_qazlal_beasts_of_the_sky,
          st_stairs_14, uniq_grinder, uniq_crazy_yiuf_cottage

Skill      XL: |  1  2  3  4  5  6 |
---------------+-------------------+-----
Maces & Flails | 1 3 |  3.0
Throwing       | 1 |  1.1
Dodging        | 2 |  2.2
Stealth        | 2 3 |  3.0
Fighting       | |  1.9
Armour         | |  2.0
Evocations     | |  3.9

Action                     |  1- 3 |  4- 6 || total
---------------------------+-------+-------++-------
  Melee: Club              |   141 |    25 ||   166
         Punch             |     1 |       ||     1
  Throw: Boomerang         |    15 |     3 ||    18
  Evoke: Wand              |     1 |    12 ||    13
   Stab: Sleeping          |     3 |     1 ||     4
         Distracted        |     1 |       ||     1
 Armour: Leather armour    |    56 |     6 ||    62
  Dodge: Dodged            |   115 |    11 ||   126
